 Dungeon Crawl Stone Soup version 0.27.1 (webtiles) character file.

Game seed: 17457104610943059580

18 Malachi the Vexing (level 2, 0/21 HPs)
             Began as a Barachi Arcane Marksman on Aug 25, 2021.
             Succumbed to an adder's poison
             ... on level 2 of the Dungeon.
             The game lasted 00:00:58 (579 turns).

Malachi the Vexing (Barachi Arcane Marksman)         Turns: 579, Time: 00:00:59

Health: 0/21       AC:  2    Str: 11    XL:     2   Next: 70%
Magic:  1/3        EV: 12    Int: 13    God:
Gold:   71         SH:  0    Dex: 12    Spells: 0/3 levels left

rFire    . . .     SeeInvis .   a - +0 shortbow
rCold    . . .     Faith    .   (shield currently unavailable)
rNeg     . . .     Spirit   .   d - +0 robe
rPois    .         Reflect  .   (no helmet)
rElec    .         Harm     .   (no cloak)
rCorr    .         Rampage  .   (no gloves)
Will     .....                  (no boots)
Stlth    +.........             (no amulet)
HPRegen  0.07/turn              (no ring)
MPRegen  0.08/turn              (no ring)

@: lethally poisoned (0 -> -5), slow
A: amphibious, slowness 1, strong legs 1, +LOS
a: Hop


You were on level 2 of the Dungeon.
You visited 1 branch of the dungeon, and saw 2 of its levels.

You collected 71 gold pieces.

Inventory:

Hand Weapons
 a - a +0 shortbow (weapon)
Missiles
 c - 24 arrows (quivered ammo)
Armour
 d - a +0 robe (worn)
Scrolls
 b - 3 scrolls of teleportation {unknown}
Potions
 e - a potion of lignification {unknown}


   Skills:
 + Level 1.3 Fighting
 + Level 2.6 Bows
 + Level 2.4 Dodging
 + Level 1.1 Spellcasting
 + Level 3.6 Hexes


You couldn't memorise any spells.
You knew the following spells:

 Your Spells              Type           Power      Damage    Failure   Level
a - Corona                Hex            11%        N/A       6%          1
b - Slow                  Hex            10%        N/A       10%         2

Your spell library contained the following spells:

 Spells                   Type           Power      Damage    Failure   Level
 Inner Flame              Hex/Fire       5%         N/A       38%         3
 Portal Projectile        Hex/Tloc       10%        N/A       38%         3
 Cause Fear               Hex            5%         N/A       54%         4


Dungeon Overview and Level Annotations

Branches:
Dungeon (2/15)

Altars:

Shops:
D:1 [


Innate Abilities, Weirdness & Mutations

You are amphibious.
You cover ground slowly.
You can hop short distances.
You have an extended range of vision and can be seen from far away.


Message History

There are monsters nearby!
You shoot an arrow. The arrow hits the frilled lizard.
You kill the frilled lizard!
You shoot an arrow.
The arrow hits the rat but does no damage.
You shoot an arrow. The arrow hits the rat.
You kill the rat!
You shoot an arrow. The arrow misses the adder.
You shoot an arrow. The arrow barely misses the adder.
The adder misses you. The adder bites you but does no damage.
You shoot an arrow. The arrow hits the adder.
The adder is lightly wounded.
The adder bites you.
You are poisoned.
The adder poisons you! The adder barely misses you.
You shoot an arrow. The arrow misses the adder.
You feel sick. The adder bites you.
You are lethally poisoned!
The adder poisons you!
You shoot an arrow. The arrow barely misses the adder.
You feel very sick. The adder completely misses you. The adder bites you.
* * * LOW HITPOINT WARNING * * *
You are too injured to fight recklessly!
You are too injured to fight recklessly!
You are too injured to fight recklessly!
You are too injured to fight recklessly!
You are too injured to fight recklessly!
Okay, then.
Casting: Corona (safe; 6% risk of failure)
Confirm with . or Enter, or press ? or * to list all spells.
Aiming: Slow (safe; 10% risk of failure)
Press: ? - help, Shift-Dir - straight line, f/p - adder
Aim: an adder (lightly wounded, chance to affect: 54%)
The adder resists with significant effort.
* * * LOW HITPOINT WARNING * * *
You feel sick. The adder barely misses you.
* * * LOW HITPOINT WARNING * * *
You feel sick.
You die...

.... #..##
#..#. ...( #.(#
#..# #(.####.#
####S......#
##.@..#######
##.###......#
############.##
##.###.#
#†...........#
.#
#.#...###.##.#
..
#......##.###>#
..#
##.......#.#
#.. .##
#..........#
##. ..
##.........#
.##


You could see an adder.

Vanquished Creatures
  4 bats
  An endoplasm (D:1)
  3 giant cockroaches
  A goblin (D:1)
  2 hobgoblins (D:1)
  4 ball pythons (D:1)
  2 frilled lizards (D:2)
  A rat (D:2)
18 creatures vanquished.

Notes
Turn   | Place    | Note
-------+----------+-------------------------------------------
     0 | D:1      | Malachi the Barachi Arcane Marksman began the quest for the
                  | Orb.
     0 | D:1      | Reached XP level 1. HP: 15/15 MP: 2/2
    80 | D:1      | Reached XP level 2. HP: 21/21 MP: 3/3
    85 | D:1      | Found Vucw's Armour Shop.
   492 | D:2      | Learned a level 2 spell: Slow
   579 | D:2      | Succumbed to an adder's poison

Illustrated notes

Levels and vault maps discovered:
D:1:      dpeg_arrival_fog, layout_rooms, serial_shops, shop
D:2:      minmay_razor_zed, layout_loops_corners, lemuel_old_faithful

Action                   || total
-------------------------++-------
 Fire: Shortbow          ||    54
 Cast: Slow              ||     1
Armor: Robe              ||     1
Dodge: Dodged            ||    14
